 Dungeon Crawl Stone Soup version 0.32-a0-909-gc671339a80 (webtiles) character file.

Game seed: 9280461505038973082

133 GeoRichter the Chopper (level 5, -2/41 HPs)
             Began as a Formicid Fighter on Apr 7, 2024.
             Slain by a gnoll
             ... wielding a +0 halberd
             ... led by a gnoll bouda
              (14 damage)
             ... on level 3 of the Dungeon.
             The game lasted 00:03:05 (2087 turns).

GeoRichter the Chopper (Formicid Fighter)           Turns: 2087, Time: 00:03:05

Health: -2/41      AC:  8    Str: 23    XL:     5   Next: 40%
Magic:  5/5        EV:  8    Int:  7    God:
Gold:   150        SH:  4    Dex: 13    Spells: 4/4 levels left

rFire   . . .        a - +0 war axe
rCold   . . .        c - +0 buckler
rNeg    . . .        j - +0 scale mail
rPois   .            (helmet unavailable)
rElec   .            (no cloak)
rCorr   .            e - +0 pair of gloves
SInv    +            (no boots)
Will    .....        o - amulet of regeneration Stlth
                     (no ring)
HPRegen 1.06/turn    (no ring)
MPRegen 0.09/turn

%: no passive effects
@: no status effects
A: permanent stasis, dig shafts and tunnels, antennae 3, four strong arms
a: Dig, Shaft Self


You were on level 3 of the Dungeon.
You visited 1 branch of the dungeon, and saw 3 of its levels.

You collected 150 gold pieces.

Inventory:

Hand Weapons
 a - a +0 war axe (weapon)
 b - the +1 sling "Puucuiv" {elec, rF++ Will+}
   (You found it on level 2 of the Dungeon)

   rF++:      It greatly protects you from fire.
   Will+:     It increases your willpower.
Missiles
 f - 2 poisoned darts (quivered)
Armour
 c - a +0 buckler (worn)
 e - a +0 pair of gloves (worn)
   (You found it on level 1 of the Dungeon)
 j - a +0 scale mail (worn)
Jewellery
 o - an amulet of regeneration (around neck)
   (You found it on level 2 of the Dungeon)
Scrolls
 h - 2 scrolls of identify {unknown}
 k - 2 scrolls of noise {unknown}
Potions
 d - a potion of might
 g - a potion of cancellation {unknown}
 i - 3 potions of curing {unknown}
 l - a potion of berserk rage {unknown}
 m - 2 potions of lignification {unknown}
 n - a potion of attraction {unknown}
 p - a potion of invisibility {unknown}


   Skills:
 - Level 3.2 Fighting
 * Level 5.2 Axes
 - Level 3.2 Armour
 - Level 4.0 Shields


You had 4 spell levels left.
You didn't know any spells.
Your spell library was empty.

Dungeon Overview and Level Annotations

Branches:
Dungeon (3/15) Zot: 15850

Altars:

Annotations:
D:2 1 runed translucent door, Crazy Yiuf


Innate Abilities, Weirdness & Mutations

You cannot be hasted, slowed, berserked, paralysed or teleported.
You can dig through walls and to a lower floor.
You have a pair of large antennae on your head. (SInv)
Your four strong arms can wield two-handed weapons with a shield.


Message History

You are too injured to fight recklessly!
You are too injured to fight recklessly!
Unknown command.
You closely miss the jackal. The jackal barely misses you.
The gnoll hits you from afar with a +0 halberd.
The jackal bites you but does no damage.
You hit the jackal but do no damage. The gnoll closely misses you.
The jackal barely misses you.
You closely miss the jackal. The jackal closely misses you.
You block the gnoll's attack. The jackal closely misses you.
You block the gnoll's attack.
You hit the jackal.
The jackal is severely wounded.
The jackal bites you. You block the gnoll's attack.
The jackal barely misses you.
You slash the jackal!
You kill the jackal!
You block the gnoll's attack. The gnoll barely misses you.
You hit the gnoll but do no damage.
The gnoll hits you from afar with a +0 halberd.
The gnoll hits you but does no damage.
You slash the gnoll!
The gnoll is heavily wounded.
The gnoll hits you from afar with a +0 halberd.
* * * LOW HITPOINT WARNING * * *
The gnoll hits you but does no damage. The gnoll barely misses you.
You completely miss the gnoll.
The gnoll is heavily wounded.
The gnoll is no longer moving quickly.
The gnoll closely misses you.
The gnoll hits you from afar with a +0 halberd.
* * * LOW HITPOINT WARNING * * *
The gnoll hits you with a +0 club.
* * * LOW HITPOINT WARNING * * *
You slash the gnoll!
You kill the gnoll!
The gnoll bouda barks out a call to the hunt!
The gnoll picks up the pace!
The gnoll hits you from afar with a +0 halberd!
* * * LOW HITPOINT WARNING * * *
You barely miss the gnoll.
The gnoll is no longer moving quickly.
The gnoll bouda barks out a call to the hunt!
The gnoll picks up the pace!
The gnoll barely misses you.
The gnoll hits you but does no damage. x2
The gnoll barely misses you.
You slash the gnoll!
The gnoll is severely wounded.
The gnoll hits you with a +0 flail.
* * * LOW HITPOINT WARNING * * *
The gnoll hits you from afar with a +0 halberd!
You die...

.....# #..# ..##.#### ..####
#..###....#...# #...#
#!.##..........# ###.####
#..#............ #....#
#........[...... ..####.##
##.............. #.......#
#gg...........#
######..########g#.#........#
##........#@#.....<>###
##....##.#.........#
####.....".##.#.#.#
####†....#.#.# # ##...#.#.#.#
>.........†..# .........#.###
#........#..# ##.########.#


You could see a gnoll bouda and 2 gnolls.

Vanquished Creatures
  An orc wizard (D:3)
  A gnoll (D:3)
  4 adders
  A dart slug (D:2)
  A ribbon worm (D:2)
  3 orcs (D:3)
  5 endoplasms
  3 giant cockroaches
  A goblin (D:1)
  A hobgoblin (D:2)
  13 jackals
  2 quokkas (D:3)
  5 ball pythons
  6 bats
  A frilled lizard (D:3)
  A kobold (D:1)
  6 rats
55 creatures vanquished.

Notes
Turn   | Place    | Note
-------+----------+-------------------------------------------
     0 | D:1      | GeoRichter the Formicid Fighter began the quest for the
                  | Orb.
     0 | D:1      | Reached XP level 1. HP: 18/18 MP: 1/1
   104 | D:1      | Reached XP level 2. HP: 24/24 MP: 2/2
   384 | D:1      | Reached skill level 3 in Axes
   699 | D:1      | Reached XP level 3. HP: 29/29 MP: 3/3
   947 | D:2      | Found a runed translucent door.
   948 | D:2      | Noticed Crazy Yiuf
  1028 | D:2      | Identified the +1 sling "Puucuiv" {elec, rF++ Will+}
  1308 | D:2      | Reached skill level 4 in Axes
  1308 | D:2      | Reached XP level 4. HP: 35/35 MP: 4/4
  1944 | D:3      | Reached XP level 5. HP: 38/41 MP: 5/5
  1954 | D:3      | Reached skill level 5 in Axes
  2087 | D:3      | Slain by a gnoll

Illustrated notes

Levels and vault maps discovered:
D:1:      lightli_arrival_noodles, layout_basic
D:2:      layout_loops_corners, uniq_crazy_yiuf_cottage
D:3:      layout_rooms

Skill      XL: |  1  2  3  4  5 |
---------------+----------------+-----
Axes           | 3 4 5 |  5.2
Fighting       | |  3.2
Armour         | |  3.2
Shields        | |  4.0

Action                     |  1- 3 |  4- 6 || total
---------------------------+-------+-------++-------
  Melee: War axe           |    92 |    71 ||   163
   Fire: Sling             |    14 |     4 ||    18
  Throw: Dart              |       |     2 ||     2
    Use: Scroll            |     1 |       ||     1
 Armour: Scale mail        |    71 |    90 ||   161
  Dodge: Dodged            |    43 |    38 ||    81
  Block: Buckler           |    25 |    23 ||    48

Table legend: (Time is in decaauts)
 A = Elapsed time spent in this place.
 B = Non-inter-level travel time spent in this place.
 C = Inter-level travel time spent in this place.
 D = Time resting spent in this place.
 E = Time spent auto-exploring this place.
 F = Levels seen in this place.
 G = Mean time per level.
                   A        B        C        D        E       F      G
               +--------+--------+--------+--------+--------+-----+--------+
         Total |   2148 |   2136 |     12 |    144 |   1502 |   3 |  716.0 |
       Dungeon |   2148 |   2136 |     12 |    144 |   1502 |   3 |  716.0 |
               +--------+--------+--------+--------+--------+-----+--------+

Top non-repeatable levels by time:
     D:2: 1053 daAuts
     D:1: 857 daAuts
     D:3: 237 daAuts
